 Dungeon Crawl Stone Soup version 0.22-a0-803-gd6d8abe (webtiles) character file.

78 riteheju the Skirmisher (level 4, 0/35 HPs)
             Began as a Demonspawn Fighter on July 22, 2018.
             Slain by a gnoll
             ... wielding a +1 whip of freezing
              (6 damage)
             ... on level 2 of the Dungeon.
             The game lasted 00:02:15 (1809 turns).

riteheju the Skirmisher (Demonspawn Fighter)        Turns: 1809, Time: 00:02:16

Health: 0/35       AC:  6    Str: 17    XL:     4   Next: 15%
Magic:  4/4        EV:  7    Int:  9    God:
Gold:   80         SH:  9    Dex: 13    Spells: 3/3 levels left

rFire    . . .     SeeInvis .   a - +0 long sword
rCold    . . .     Gourm    .   c - +0 shield
rNeg     . . .     Faith    .   b - +0 scale mail
rPois    .         Spirit   .   (no helmet)
rElec    .         Reflect  .   (no cloak)
rCorr    .         Harm     .   (no gloves)
MR       .....                  (no boots)
Stlth    +.........             (no amulet)
HPRegen  0.11/turn              (no ring)
MPRegen  0.09/turn              (no ring)

@: no status effects
A: nightstalker 1
a: no special abilities


You were on level 2 of the Dungeon.
You were not hungry.

You visited 1 branch of the dungeon, and saw 2 of its levels.

You collected 80 gold pieces.

Inventory:

Hand Weapons
 a - a +0 long sword (weapon)
Armour
 b - a +0 scale mail (worn)
 c - a +0 shield (worn)
Scrolls
 e - 2 scrolls of enchant armour {unknown}
 h - a scroll of teleportation {unknown}
 i - a scroll of remove curse {unknown}
 l - a scroll of identify {unknown}
Potions
 d - 2 potions of might
 g - a potion of heal wounds {unknown}
 k - a potion of flight {unknown}
Comestibles
 f - 5 rations
 j - 4 chunks of flesh


   Skills:
 + Level 3.5 Fighting
 + Level 2.5 Long Blades
 + Level 3.4 Armour
 + Level 0.2 Dodging
 + Level 3.0 Shields


You had 3 spell levels left.
You didn't know any spells.
Your spell library was empty.

Dungeon Overview and Level Annotations

Branches:
Dungeon (2/15)

Altars:
Uskayaw


Innate Abilities, Weirdness & Mutations

You are slightly more attuned to the shadows.


Message History

Throwing (i - inventory)
m - a throwing net (quivered)
Press: ? - help, Shift-Dir - straight line, f - gnoll
Aim: a gnoll, wielding a whip of freezing and wearing a leather armour You throw a throwing net.
The throwing net barely misses the gnoll.
The throwing net hits the gnoll.
The gnoll is caught in the net!
The gnoll hits you with a whip of freezing.
* * * LOW HITPOINT WARNING * * *
The gnoll freezes you.
* * * LOW HITPOINT WARNING * * *
The gnoll struggles against the net.
The gnoll struggles against the net.
The gnoll struggles against the net.
The gnoll struggles against the net.
The gnoll struggles against the net.
You closely miss the gnoll. The gnoll hits you but does no damage.
The gnoll struggles against the net.
The net rips apart, and the gnoll comes free!
The gnoll hits you with a whip of freezing.
You die...

#.# ##. .## ##... #.# .. ..#.
#... #.# ... #. ... #...
##.#### #.. #.##.##.##...
#.....# #.. #............
#.....#####... #..#.##.##.##
#.....>.....#. ##.#.#.# #.#
#.....#####...######)...####.#
#.....# #.@gS..)g........#
####..### #######...#...#####
......# #...#.##.##... ###..##
#.###..#..#.## #..#
#.#....##.#.# #..#
##....)..##.# ###..#####
#.##....#.#.# .........#
#..#..###...# ###.####.#
#..##.#.....#


You could see 2 gnolls and an adder.

Vanquished Creatures
  2 gnolls (D:2)
  An adder (D:2)
  An ooze (D:1)
  2 worms (D:2)
  3 leopard geckos
  6 bats
  A giant cockroach (D:1)
  3 goblins (D:1)
  8 hobgoblins
  4 frilled lizards
  3 kobolds
  3 rats
37 creatures vanquished.

Notes
Turn   | Place    | Note
-------+----------+-------------------------------------------
     0 | D:1      | riteheju the Demonspawn Fighter began the quest for the Orb.
     0 | D:1      | Reached XP level 1. HP: 18/18 MP: 1/1
   151 | D:1      | Gained mutation: You are slightly more attuned to the shadows. [demonic ancestry]
   151 | D:1      | Reached XP level 2. HP: 24/24 MP: 2/2
   736 | D:1      | Reached XP level 3. HP: 24/29 MP: 3/3
  1333 | D:2      | Found a hide-covered altar of Uskayaw.
  1795 | D:2      | Reached XP level 4. HP: 31/35 MP: 4/4
  1809 | D:2      | Slain by a gnoll

Vault maps used:
D:1:      co_arrival_square_in_a_square_in_a_square, lemuel_another_geyser
D:2:      lemuel_round_altar, first_ration, minmay_pentomino_z4

Skill      XL: |  1  2  3 |
---------------+----------+-----
Armour         | 3 |  3.4
Long Blades    | 2 |  2.5
Shields        | 3 |  3.0
Fighting       | |  3.5
Dodging        | |  0.2

Action                   |  1- 3 |  4- 6 || total
-------------------------+-------+-------++-------
Melee: Long sword        |   132 |     4 ||   136
Throw: Throwing net      |       |     1 ||     1
  Eat: Chunk             |     3 |       ||     3
Armor: Scale mail        |    64 |     4 ||    68
Dodge: Dodged            |    43 |     2 ||    45
Block: Shield            |    58 |     5 ||    63
       Rpst.: Long sword |    10 |     1 ||    11

Table legend:
 A = Spawn XP
 B = Non-spawn XP
 C = Spawn XP percentage of total XP
 D = Spawn monster count
 E = Non-spawn monster count
 F = Spawn count percentage of total count
 G = Total turns spent on level
                    A         B        C        D         E        F      G
               +---------+---------+-------+---------+---------+-------+---------
         Total |       0 |     112 |   0.0 |       0 |      37 |   0.0 |  1809
               +---------+---------+-------+---------+---------+-------+---------
           D:1 |       0 |      46 |   0.0 |       0 |      24 |   0.0 |  1015
           D:2 |       0 |      66 |   0.0 |       0 |      13 |   0.0 |   794
               +---------+---------+-------+---------+---------+-------+---------
